Map: Orbital Shipyard

Players

Miltreta

  • Race: Terran Terran
  • League: Bronze

Walker - Winner!

  • Race: Protoss Protoss

VOD

Have the link to the VOD?

Description

Time

  • Played on: March 10, 2016, 8:23 a.m.
  • Length: 7:31
Show
View Real Time Build Order
Export as new Build Order

Miltreta Terran 

Build Orders: Reaper Expand 

Get SALT Encoding   

  12  0:04  SCV  
  13  0:22  SCV  
  13  0:23  Supply Depot  
  14  0:38  SCV, Refinery  
  15  0:49  Barracks  
  15  0:58  Supply Depot, SCV  
  16  1:21  SCV  
  18  1:43  Reaper  
  18  2:03  Supply Depot  
  18  2:12  Orbital Command  
  18  2:13  Barracks  
  18  2:24  Barracks  
  18  2:37  SCV  
  19  2:44  Barracks Tech Lab  
  19  2:47  Command Center  
  19  2:54  Factory  
  19  3:19  Engineering Bay  
  19  3:20  Refinery  
  19  3:21  SCV  
  19  3:43  Factory Tech Lab  
  19  3:51  Reaper  
  19  3:52  Reaper, Marauder  
  23  4:09  SCV  
  24  4:25  Bunker  
  24  4:34  Concussive Shells  
  24  4:36  Barracks Reactor  
  24  4:38  Barracks Tech Lab, Missile Turret  
  24  4:45  SCV  
  25  4:50  SCV  
  26  5:00  Siege Tank  
  26  5:02  SCV  
  26  5:03  SCV  
  26  5:07  Terran Infantry Weapons Level 1  
  31  5:12  Missile Turret  
  31  5:17  Marine x2  
  32  5:57  Siege Tank  
  32  6:03  SCV x2  
  37  6:13  Factory  
  37  6:14  Marine  
  37  6:15  Marine  
  37  6:16  Marauder x2  
  43  6:23  SCV  
  43  6:25  SCV  
  45  6:28  Refinery  
  45  6:29  Hellion  
  45  6:30  Refinery  
  47  6:37  SCV  
  44  6:50  Siege Tank  
Show
View Real Time Build Order
Export as new Build Order

Walker Protoss - Winner!

Build Orders:  

Get SALT Encoding   

  12  0:01  Probe (Chrono Boost)  
  13  0:11  Probe (Chrono Boost)  
  14  0:20  Pylon  
  14  0:23  Probe (Chrono Boost)  
  15  0:38  Gateway, Probe (Chrono Boost)  
  16  0:47  Assimilator  
  16  0:49  Probe (Chrono Boost)  
  17  1:03  Probe (Chrono Boost)  
  18  1:11  Assimilator  
  18  1:14  Probe (Chrono Boost)  
  18  1:16  Pylon  
  19  1:25  Probe (Chrono Boost)  
  20  1:28  Cybernetics Core  
  20  1:35  Probe (Chrono Boost)  
  21  1:46  Probe (Chrono Boost)  
  22  1:57  Probe (Chrono Boost)  
  23  2:04  Warp Gate (Chrono Boost)  
  23  2:08  Nexus  
  23  2:15  Adept  
  25  2:20  Probe (Chrono Boost)  
  27  2:37  Pylon, Mothership Core  
  27  2:43  Gateway  
  28  2:49  Adept  
  30  2:56  Pylon  
  30  3:12  Probe  
  31  3:16  Gateway  
  31  3:19  Probe  
  31  3:25  Probe  
  33  3:27  Pylon  
  33  3:38  Probe  
  33  3:39  Probe  
  35  3:51  Probe  
  36  4:06  Probe  
  36  4:07  Probe  
  36  4:08  Twilight Council  
  38  4:10  Assimilator  
  38  4:16  Robotics Facility, Probe  
  38  4:19  Probe  
  38  4:22  Gateway  
  38  4:24  Pylon  
  40  4:26  Gateway  
  40  4:27  Probe  
  41  4:31  Probe, Adept  
  41  4:38  Probe  
  44  4:44  Probe  
  46  4:48  Probe  
  46  4:49  Resonating Glaives (Chrono Boost)  
  47  4:55  Assimilator  
  47  4:56  Probe  
  48  5:02  Gateway, Probe  
  48  5:05  Gateway  
  49  5:08  Probe  
  50  5:14  Warp Prism  
  52  5:40  Probe  
  53  5:45  Pylon  
  53  5:47  Pylon  
  53  6:03  Nexus  
  53  6:04  Probe  
  53  6:06  Pylon  
  53  6:07  Warp Prism  
  56  6:19  Probe (Chrono Boost)  
  57  6:30  Forge  
  57  6:33  Adept x3  
  57  6:34  Adept x4  
  69  6:59  Adept x3  
  69  7:00  Adept x4  
  75  7:21  Adept x4  
  75  7:22  Adept x3  
Tags
 
Add a new tag
Caveats
  • Supply blocks, unpowered buildings, or Contaminate may cause inaccurate times.
  • Supply counts are checked every 10 seconds.